 Dungeon Crawl Stone Soup version 0.27-a0-650-g8dd3ea4f36 (webtiles) character file.

Game seed: 11427106712804054035

30 siradein the Shield-Bearer (level 3, 0/23 HPs)
             Began as a Gargoyle Fighter on Mar 15, 2021.
             Killed by nerve-wracking pain
             ... invoked by Jessica
              (4 damage)
             ... on level 2 of the Dungeon.
             The game lasted 00:06:54 (678 turns).

siradein the Shield-Bearer (Gargoyle Fighter)        Turns: 678, Time: 00:06:54

Health: 0/23       AC: 11    Str: 19    XL:     3   Next: 20%
Magic:  3/3        EV:  7    Int:  8    God:
Gold:   7          SH:  9    Dex: 10    Spells: 2/2 levels left

rFire    . . .     SeeInvis +   a - +0 war axe
rCold    . . .     Faith    .   c - +0 kite shield
rNeg     + . .     Spirit   .   b - +0 scale mail
rPois    ∞         Reflect  .   (no helmet)
rElec    +         Harm     .   i - +0 cloak
rCorr    .         Rampage  .   (no gloves)
Will     .....                  (no boots)
Stlth    ..........             (no amulet)
HPRegen  0.07/turn              j - ring of see invisible
MPRegen  0.08/turn              (no ring)

@: no status effects
A: AC +3, negative energy resistance 1, electricity resistance, torment
resistance 1, unbreathing 1, petrification resistance
a: no special abilities


You were on level 2 of the Dungeon.
You visited 1 branch of the dungeon, and saw 2 of its levels.

You collected 7 gold pieces.

Inventory:

Hand Weapons
 a - a +0 war axe (weapon)
Armour
 b - a +0 scale mail (worn)
 c - a +0 kite shield (worn)
 i - a +0 cloak (worn)
Jewellery
 j - a ring of see invisible (right hand)
Potions
 d - a potion of might
 e - a potion of flight {unknown}
 f - 2 potions of attraction {unknown}
 g - a potion of mutation {unknown}
 h - a potion of experience {unknown}


   Skills:
 - Level 3.2 Fighting
 + Level 3.2 Axes
 - Level 3.2 Armour
 - Level 3.2 Shields


You had 2 spell levels left.
You didn't know any spells.
Your spell library was empty.

Dungeon Overview and Level Annotations

Branches:
Dungeon (1/15)

Altars:

Annotations:
D:2 Jessica


Innate Abilities, Weirdness & Mutations

Your stone body is resilient. (AC +3)
You are immune to poison.
You resist negative energy. (rN+)
You are resistant to electric shocks. (rElec)
You are resistant to unholy torment.
You can survive without breathing.
You are immune to petrification.


Message History

You kill the hobgoblin!
No target in view!
No target in view!
You see here a +0 club.
Found a stone staircase leading down.
Jessica shouts!
Jessica points at you and mumbles some strange words.
Pain shoots through your body!
You see here 4 gold pieces.
Jessica casts a spell at you. Pain shoots through your body!
You hit Jessica but do no damage.
Jessica gestures wildly while chanting.
Jessica blinks!
Jessica mumbles some strange words.
Jessica seems to speed up.
You closely miss Jessica. Jessica hits you but does no damage.
You block Jessica's attack. Jessica casts a spell at you.
Pain shoots through your body!
You are too injured to fight recklessly!
You are too injured to fight recklessly!
You are too injured to fight recklessly!
You are too injured to fight recklessly!
You closely miss Jessica. Jessica barely misses you.
Jessica hits you but does no damage.
You hit Jessica.
Jessica is lightly wounded.
Jessica hits you with a +0 dagger.
* * * LOW HITPOINT WARNING * * *
You block Jessica's attack. Jessica hits you with a +0 dagger.
* * * LOW HITPOINT WARNING * * *
You barely miss Jessica.
Jessica is lightly wounded.
Jessica hits you but does no damage.
Jessica gestures wildly while chanting.
Jessica blinks!
Jessica points at you and mumbles some strange words.
Pain shoots through your body!
You die...

.. #.#....#
#.##.#....#
#..#......#
#.........#
#.#.......#.
#.......#...
######.........#
#....>.@...#.##
#........#.......
######..@#...####
###.......#
#.....#......
###.......#.###
#.).......#.#
#.#.....#.#..
##.##....#.#


You could see Jessica (fast).

Vanquished Creatures
  A dart slug (D:1)
  4 bats (D:1)
  A giant cockroach (D:1)
  3 goblins (D:1)
  3 hobgoblins
  7 jackals (D:1)
  A kobold (D:1)
  4 rats
24 creatures vanquished.

Notes
Turn   | Place    | Note
-------+----------+-------------------------------------------
     0 | D:1      | siradein the Gargoyle Fighter began the quest for the Orb.
     0 | D:1      | Reached XP level 1. HP: 14/14 MP: 1/1
   149 | D:1      | Reached XP level 2. HP: 11/19 MP: 2/2
   479 | D:1      | Reached XP level 3. HP: 23/23 MP: 3/3
   636 | D:1      | You fall into a shaft and drop 1 floor!
   655 | D:2      | Noticed Jessica
   678 | D:2      | Killed from afar by Jessica

Illustrated notes

Levels and vault maps discovered:
D:1:      dpeg_chamrin_arrival_tetris, layout_basic, st_stairs_14,
          hangedman_decor_growths
D:2:      layout_rooms, amcnicky_mini_pool_small, uniq_jessica

Skill      XL: |  1  2 |
---------------+-------+-----
Axes           | 2 3 |  3.2
Fighting       | |  3.2
Armour         | |  3.2
Shields        | |  3.2

Action                   || total
-------------------------++-------
Melee: War axe           ||    60
Armor: Scale mail        ||    70
Dodge: Dodged            ||    38
Block: Kite shield       ||    61

Table legend: (Time is in decaauts)
 A = Elapsed time spent in this place.
 B = Non-inter-level travel time spent in this place.
 C = Inter-level travel time spent in this place.
 D = Time resting spent in this place.
 E = Time spent auto-exploring this place.
 F = Levels seen in this place.
 G = Mean time per level.
                   A        B        C        D        E       F      G
               +--------+--------+--------+--------+--------+-----+--------+
         Total |    713 |    713 |      0 |     13 |    526 |   2 |  356.5 |
       Dungeon |    713 |    713 |      0 |     13 |    526 |   2 |  356.5 |
               +--------+--------+--------+--------+--------+-----+--------+

Top non-repeatable levels by time:
     D:1: 667 daAuts
     D:2: 45 daAuts
